 Dungeon Crawl Stone Soup version 0.13-b1-28-gc7b9293 (webtiles) character file.

243 Lilouch the Cudgeler (level 4, 0/40 HPs)
             Began as a Minotaur Berserker on Oct 4, 2013.
             Was a Priest of Trog.
             Slain by an orc
             ... wielding a -1,+0 orcish hand axe
              (4 damage)
             ... on Level 3 of the Dungeon.
             The game lasted 00:20:46 (2146 turns).

Lilouch the Cudgeler (Minotaur Berserker)           Turns: 2146, Time: 00:20:50

HP   0/40        AC  5     Str 23      XL: 4   Next: 50%
MP   1/1         EV 10     Int  4      God: Trog [***...]
Gold 141         SH  6     Dex  9      Spells:  0 memorised,  3 levels left

Res.Fire  : . . .   See Invis. : .   I - +0 orc flail
Res.Cold  : . . .   Warding    : .   j - +0 orc leather armour (curse)
Life Prot.: . . .   Conserve   : .   r - +0 buckler (curse)
Res.Poison: .       Res.Corr.  : .   (helmet restricted)
Res.Elec. : .       Clarity    : .   (no cloak)
Sust.Abil.: . .     Spirit.Shd : .   s - +1 pair of elf gauntlets
Res.Mut.  : .       Stasis     : .   (no boots)
Res.Rott. : .       Flight     : .   (no amulet)
Saprovore : . . .                    (no ring)
                                     (no ring)

@: mildly poisoned, slightly resistant to hostile enchantments, very unstealthy
A: retaliatory headbutt, horns 2
a: Burn Spellbooks, Berserk, Trog's Hand, Renounce Religion


You were on level 3 of the Dungeon.
You worshipped Trog.
Trog was most pleased with you.
You were not hungry.

You visited 1 branch of the dungeon, and saw 3 of its levels.

You collected 121 gold pieces.

Inventory:

Hand weapons
 a - a +0,+0 mace
 I - a +0,+0 orcish flail (weapon)
Missiles
 C - 2 needles of slowing
 D - 13 poisoned needles
 E - 2 darts (quivered)
Armour
 j - a cursed +0 orcish leather armour (worn)
 r - a cursed +0 buckler (worn)
 s - a +1 pair of elven gauntlets (worn)
 u - a cursed +0 chain mail
 z - a +0 pair of gauntlets
Magical devices
 p - a wand of heal wounds (4) {unknown}
Comestibles
 b - an apple
 c - 4 bread rations
 f - a royal jelly
 n - 2 pears
 t - a meat ration
 F - a sausage
Scrolls
 h - 5 scrolls of identify {unknown}
 l - 2 scrolls of remove curse {unknown}
 o - a scroll of noise {unknown}
 v - 2 scrolls of enchant weapon I {unknown}
 w - 2 scrolls of teleportation {unknown}
 y - a scroll of random uselessness {unknown}
Jewellery
 d - an uncursed ring of protection from fire {unknown}
 i - an uncursed ring of poison resistance {unknown}
 k - an uncursed ring of fire {unknown}
Potions
 e - 2 potions of agility {unknown}
 g - a potion of speed {unknown}
 m - a potion of decay {unknown}
 q - a potion of might {unknown}
 x - 2 potions of curing {unknown}
 A - a potion of cure mutation {unknown}
 B - a potion of brilliance {unknown}


   Skills:
 + Level 4.6 Fighting
 + Level 5.3 Maces & Flails
 + Level 2.9 Armour
 - Level 2.2 Dodging
 + Level 0.2 Shields


You had 3 spell levels left.
You didn't know any spells.

Dungeon Overview and Level Annotations

Branches:
Dungeon (3/27)

Altars:
Ashenzari
Fedhas
Trog


Innate Abilities, Weirdness & Mutations

You reflexively headbutt those who attack you in melee.
You have a pair of horns on your head.


Message History

Unknown command.
The orc hits you with an orcish hand axe.
* * * LOW HITPOINT WARNING * * *
The adder barely misses you. The adder bites you but does no damage.
The orc wizard mumbles some strange words.
The orc wizard flickers and vanishes!
Deactivating autopickup; reactivate with Ctrl-A.
The orc priest's eyes start to glow.
The adder bites you.
* * * LOW HITPOINT WARNING * * *
The orc priest becomes somewhat translucent.
There is a stone staircase leading down here.
You feel less confused. The adder bites you.
* * * LOW HITPOINT WARNING * * *
You are poisoned.
The adder poisons you!
The orc hits you with an orcish hand axe.
You die...

##### #...#
#.#.#############
#................
##########.####(.#######
.........#.#.##.@#
#####.)......##So#
#####'##.#.#.##r.#
#........#.#.##.r######.#
#........#.#.#..os.......
#....<...#.#.#..r..r.....
########.#.#.#.#.######≈
.........#.#.#......
#######........#.###


You could see an orc priest, an adder, 2 green rats, an orc, a grey rat and a
giant cockroach.

Vanquished Creatures
  An orc wizard (D:3)
  2 adders (D:2)
  A giant gecko (D:2)
  4 orcs (D:3)
  7 bats
  6 hobgoblins
  8 kobolds
  A quokka (D:3)
  18 giant newts
  8 goblins
  7 rats
63 creatures vanquished.

Vanquished Creatures (others)
  A hobgoblin (D:1)
  A kobold (D:1)
2 creatures vanquished.

Grand Total: 65 creatures vanquished

Notes
Turn   | Place    | Note
--------------------------------------------------------------
     0 | D:1      | Lilouch, the Minotaur Berserker, began the quest for the Orb.
     0 | D:1      | Reached XP level 1. HP: 19/19 MP: 0/0
   220 | D:1      | Reached skill level 4 in Fighting
   220 | D:1      | Reached XP level 2. HP: 18/27 MP: 0/0
   873 | D:2      | Reached XP level 3. HP: 31/33 MP: 1/1
   891 | D:2      | Acquired Trog's second power
   967 | D:2      | Found a blossoming altar of Fedhas.
  1705 | D:3      | Reached XP level 4. HP: 37/40 MP: 1/1
  1760 | D:3      | Reached skill level 5 in Maces & Flails
  1810 | D:3      | Found a shattered altar of Ashenzari.
  1875 | D:3      | Found a bloodstained altar of Trog.
  2146 | D:3      | Slain by an orc

Action                   |  1- 3 |  4- 6 || total
-------------------------+-------+-------++-------
Melee: Mace              |    92 |    16 ||   108
       Flail             |       |     5 ||     5
